 Dungeon Crawl Stone Soup version 0.20-a0-267-g4a7ec2a (webtiles) character file.

737415 PurpleRed the Executioner (level 27, 0/242 HPs)
             Began as a Mummy Fighter on Dec 5, 2016.
             Was the Champion of Okawaru.
             Killed by divine providence
             ... invoked by a mummy priest
              (12 damage)
             ... on level 20 of a ziggurat on Dec 6, 2016.
             The game lasted 04:00:12 (77586 turns).

PurpleRed the Executioner (Mummy Fighter)          Turns: 77586, Time: 04:00:13

Health: 0/242      AC: 45    Str: 32    XL:     27
Magic:  25/29      EV: 28    Int:  9    God:    Okawaru [******]
Gold:   7024       SH:  0    Dex: 21    Spells: 0/26 levels left

rFire  + + .     SeeInvis +     L - +9 executioner's axe of Blood {flame, Str+7 Int-4}
rCold  + . .     Gourm    .     t - +10 plate armour {rF+}
rNeg   + + +     Faith    .     (shield currently unavailable)
rPois  ∞         Spirit   .     C - +1 helmet of Loss {rElec}
rElec  +         Reflect  .     U - +2 cloak {MR+}
rCorr  +         Harm     .     q - +2 pair of gloves "Offafrid" {Int+4}
MR     ++++.                    Q - +1 pair of boots "Tyecs" {*Contam rF+ rCorr}
Stlth  ..........               A - amulet of regeneration
                                h - ring of the Country {Slay+3 SInv}
                                N - ring "Lofisis" {+Fly rPois rF+ Dex+4}

@: heroism, finesse, slightly contaminated, hasted and slowed
A: no food or potions, fire vulnerability, cold resistance 1, negative energy
resistance 3, torment resistance, unbreathing, in touch with death 2
}: 3/15 runes: barnacled, golden, gossamer
a: Heroism, Finesse, Renounce Religion, Evoke Flight


You were on level 20 of a ziggurat.
You worshipped Okawaru.
Okawaru was exalted by your worship.
You were not hungry.

You visited 11 branches of the dungeon, and saw 50 of its levels.
You visited 2 ziggurats, and saw 34 of their levels (deepest: 20).
You also visited: Ossuary and Ice Cave.

You collected 9028 gold pieces.
You spent 2004 gold pieces at shops.

Inventory:

Hand Weapons
 a - a +9 battleaxe of chopping
 b - a +9 vampiric battleaxe
 u - a +9 vampiric executioner's axe
 L - the +9 executioner's axe of Blood (weapon) {flame, Str+7 Int-4}
   (Okawaru gifted it to you on level 1 of the Spider Nest)

   It has been specially enchanted to burn those struck by it, causing extra
   injury to most foes and up to half again as much damage against particularly
   susceptible opponents.
   Big, fiery blades are also staple armaments of hydra-hunters.
   It affects your strength (+7).
   It affects your intelligence (-4).
Missiles
 Y - 7 throwing nets (quivered)
Armour
 q - the +2 pair of gloves "Offafrid" (worn) {Int+4}
   (You found it on level 3 of the Tomb of the Ancients)

   It affects your intelligence (+4).
 t - a +10 plate armour of fire resistance (worn)
 w - the +1 helmet "Jyaq Wun" {MR+ SInv}
   (You found it on level 14 of a ziggurat)

   It affects your resistance to hostile enchantments.
   It lets you see invisible.
 C - the +1 helmet of Loss (worn) {rElec}
   (You bought it in a shop on level 2 of the Orcish Mines)

   It insulates you from electricity.
 K - the +0 pair of boots "Funeu" {MR+ Int+8 Dex+4}
   (Okawaru gifted it to you on level 10 of a ziggurat)

   It affects your intelligence (+8).
   It affects your dexterity (+4).
   It affects your resistance to hostile enchantments.
 Q - the +1 pair of boots "Tyecs" (worn) {*Contam rF+ rCorr}
   (Okawaru gifted it to you on level 15 of a ziggurat)

   It protects you from fire.
   It causes magical contamination when unequipped.
   It protects you from acid and corrosion.
 T - a +2 pair of boots of flying
 U - a +2 cloak of magic resistance (worn)
 X - a +2 pair of boots of running
Jewellery
 f - an uncursed ring of protection from magic
 g - the amulet of Finality {RegenMP Fragile rF++ Stlth+}
   (You acquired it on level 3 of the Crypt)

   [amulet of magic regeneration]

   It increases your magic regeneration.
   It greatly protects you from fire.
   It will be destroyed if unequipped.
   It makes you more stealthy.
 h - the ring of the Country (right hand) {Slay+3 SInv}
   (You bought it in a shop on level 2 of the Orcish Mines)

   [ring of see invisible]

   It affects your accuracy and damage with ranged weapons and melee attacks
   (+3).
   It lets you see invisible.
 k - the amulet "Uvusk" {RegenMP rElec MR++ Str+3 Int-2}
   (You acquired it on level 8 of a ziggurat)

   [amulet of magic regeneration]

   It increases your magic regeneration.
   It affects your strength (+3).
   It affects your intelligence (-2).
   It insulates you from electricity.
   It affects your resistance to hostile enchantments.
 A - an amulet of regeneration (around neck)
 B - the amulet of Liberty {Spirit +Inv MP+9}
   (You found it on level 9 of a ziggurat)

   [amulet of guardian spirit]

   It causes incoming damage to be split between your health and magic.
   It affects your magic capacity (+9).
   It lets you turn invisible.
 D - the brooch of Shielding {Reflect SH+8}
   (You found it on level 9 of a ziggurat)

   [amulet of reflection]

   It shields you and reflects attacks.
   It affects your SH (+8).
 E - the ring of the Ten Dances {rElec rF+ Str+2 SInv}
   (You found it on level 10 of a ziggurat)

   [ring of strength]

   It affects your strength (+2).
   It protects you from fire.
   It insulates you from electricity.
   It lets you see invisible.
 J - an uncursed ring of protection from fire
 N - the ring "Lofisis" (left hand) {+Fly rPois rF+ Dex+4}
   (You found it on level 3 of the Tomb of the Ancients)

   [ring of dexterity]

   It affects your dexterity (+4).
   It protects you from fire.
   It protects you from poison.
   It lets you fly.
 R - the ring "Toawohif" {*Slow rElec rC+++ MR+}
   (You found it on level 3 of the Elven Halls)

   [ring of protection from magic]

   It renders you almost immune to cold.
   It insulates you from electricity.
   It affects your resistance to hostile enchantments.
   It may slow you when you take damage.
 S - the ring of Peneumaywo {+Fly rC+ EV+4}
   (You found it on level 6 of a ziggurat)

   [ring of evasion]

   It affects your evasion (+4).
   It protects you from cold.
   It lets you fly.
Wands
 c - a wand of iceblast (8/15)
 e - a wand of heal wounds (5/9)
 r - a wand of disintegration (6/24)
 v - a wand of acid (7/15)
 G - a wand of hasting (0/9)
 I - a wand of paralysis (8/24)
 M - a wand of teleportation (4/9)
Scrolls
 d - 12 scrolls of magic mapping
 i - 5 scrolls of silence
 j - 7 scrolls of recharging
 l - 5 scrolls of fear
 m - 11 scrolls of amnesia
 n - 9 scrolls of blinking
 o - 8 scrolls of enchant armour
 p - 35 scrolls of remove curse
 x - 11 scrolls of fog
 z - 2 scrolls of enchant weapon
 O - 27 scrolls of teleportation
 V - 17 scrolls of identify
 Z - 2 scrolls of summoning
Books
 s - a Necronomicon

   Spells                             Type                      Level
   a - Haunt                          Necromancy/Summoning         7
   b - Borgnjor's Revivification      Necromancy                   8
   c - Death's Door                   Charms/Necromancy            8
   d - Infestation                    Necromancy                   8
   e - Necromutation                  Transmutation/Necromancy     8
 H - a book of Death

   Spells                             Type                      Level
   a - Corpse Rot                     Necromancy                   2
   b - Sublimation of Blood           Necromancy                   2
   c - Agony                          Necromancy                   5
   d - Dispel Undead                  Necromancy                   5
   e - Excruciating Wounds            Charms/Necromancy            5
   f - Bolt of Draining               Conjuration/Necromancy       5
 W - a book of Unlife

   Spells                             Type                      Level
   a - Recall                         Summoning/Translocation      3
   b - Animate Dead                   Necromancy                   4
   c - Control Undead                 Necromancy                   4
   d - Cigotuvi's Embrace             Necromancy                   5
   e - Death Channel                  Necromancy                   6
   f - Simulacrum                     Ice/Necromancy               6
Miscellaneous
 y - 8 sacks of spiders
 P - a phial of floods


   Skills:
 - Level 25.3(27) Fighting
 * Level 25.8(27) Axes
 - Level 20.0(25.0) Armour
 - Level 19.7(24.7) Dodging
   Level 2.4(7.4) Shields
 - Level 12.7 Necromancy
 - Level 8.2 Invocations


You couldn't memorise any spells.
You knew the following spells:

 Your Spells              Type           Power        Failure   Level  Hunger
a - Repel Missiles        Chrm/Air       #.....       99%         2    N/A
b - Swiftness             Chrm/Air       #.......     99%         2    N/A
c - Apportation           Tloc           #.........   93%         1    N/A
d - Passwall              Tmut/Erth      #.........   99%         2    N/A
e - Vampiric Draining     Necr           ######....   1%          3    N/A
f - Dispel Undead         Necr           ######..     21%         5    N/A
g - Agony                 Necr           ######..     21%         5    N/A
h - Corpse Rot            Necr           N/A          1%          2    N/A
i - Animate Dead          Necr           N/A          10%         4    N/A

Dungeon Overview and Level Annotations

Branches:
Dungeon (15/15)            Temple (1/1) D:5            Lair (6/6) D:11
 Shoals (4/4) Lair:4       Spider (4/4) Lair:4        Slime (0/5) Lair:5
    Orc (2/2) D:10            Elf (3/3) Orc:2        Vaults (4/5) D:13
  Crypt (3/3) Vaults:3       Tomb (3/3) Crypt:3      Depths (5/5) D:15
    Zot (0/5) Depths:5

Altars:
Ashenzari
Cheibriados
Dithmenos
Elyvilon
Fedhas
Gozag
Hepliaklqana
Kikubaaqudgha
Makhleb
Nemelex Xobeh
Okawaru
Qazlal
Ru
Sif Muna
Trog
Uskayaw
Vehumet
Xom
Yredelemnul
Zin
The Shining One
Beogh
Jiyva

Shops:
Orc:2 [=(*   Elf:1 }   Elf:2 [?%*!

Portals:
Hell: Depths:1 Depths:2 Depths:3 Depths:4 Depths:5
Abyss: Depths:4
Pandemonium: Depths:1 Depths:3 Depths:5

Annotations:
Shoals:4 exclusion: Roxanne, Roxanne


Innate Abilities, Weirdness & Mutations

You do not eat or drink.
Your flesh is vulnerable to fire.
You are immune to poison.
Your flesh is cold resistant. (rC+)
You are immune to negative energy. (rN+++)
You are immune to unholy pain and torment.
You can survive without breathing.
You are strongly in touch with the powers of death.


Message History

You carve the greater mummy like a ham!!!!
You burn the greater mummy!
Your plate armour prevents you from hitting the ushabti.
You barely miss the greater mummy. You slash the mummy! You burn the mummy.
You destroy the mummy!
The greater mummy mumbles some strange words.
The ushabti gestures slowly at you.
You convulse!
* * * LOW HITPOINT WARNING * * *
The ushabti shakes and rattles deafeningly! x2
The greater mummy barely misses you.
Blink to where?
Press: ? - help, Dir - move target cursor
As you read the scroll of blinking, it crumbles to dust.
The shadow slips into darkness.
The shadow flickers and vanishes for a moment.
The mummy priest mumbles some strange prayers to its god.
The mummy priest calls down the wrath of its god upon you.
Something smites you!
You die...

▓:MWMMZMMZMs†..≈≈≈.........
▓[Z§8WZMzWW................
▓.WMMMMVM.Mss..............
▓.V.ZWMbMsZ................
▓.WMZMMnZM8................
▓▓...Z.MW..................
▓...§.....................
▓▓......s..........
▓▓......@.......
▓▓.............
▓▓............
▓▓........... ▓▓▓.........
▓▓▓....... ▓▓▓▓▓.▓ ▓▓


You could see 2 greater mummies, 4 emperor scorpions, a bennu, 3 mummy priests,
a jiangshi, a shadow wraith (invisible), a phantasmal warrior, 3 guardian
mummies, 2 ushabtiu, a hungry ghost, a necrophage, 2 shadows, a flying skull, 6
mummies, a deep elf death mage simulacrum, an iron dragon zombie, a titan
zombie, a juggernaut zombie, a quicksilver dragon skeleton and a caustic shrike
skeleton.

Vanquished Creatures
  5 orbs of fire (Zig:13)
  The ghost of alcopop the Slayer, a legendary NaFi of Cheibriados (Zig:8)
  Mennas (Tomb:1)
  7 ancient liches
  3 juggernauts
  Sojobo (Depths:3)
  The ghost of magenta the Axe Maniac, a veteran MiFi of Makhleb (Zig:14)
  Boris (Depths:3)
  A shard shrike (Zig:8)
  30 greater mummies
  Saint Roka (Vaults:3)
  A curse toe (Crypt:3)
  10 Killer Klowns (Zig:18)
  2 caustic shrikes (Zig:10)
  4 golden dragons
  Nikola (Spider:3)
  the Enchantress (Depths:1)
  A pearl dragon (Zig:4)
  2 profane servitors (Zig:12)
  5 Tzitzimimeh
  Arachne (Spider:2)
  A bone dragon (Zig:16)
  Jorgrun (Crypt:1)
  2 iron giants (Zig:10)
  3 Brimstone Fiends (Zig:13)
  A doom hound (Zig:11)
  3 Ice Fiends
  A hellephant (Zig:10)
  2 Hell Sentinels
  The ghost of DemiseSR the Executioner, an adept MiBe of Trog (Shoals:3)
  8 liches
  7 pandemonium lords
  7 tentacled monstrosities
  A quicksilver dragon (Depths:2)
  13 deep elf master archers
  2 krakens
  10 deep elf blademasters
  15 ancient champions
  A tentacled starspawn (Zig:16)
  3 Executioners
  4 acid blobs
  8 sphinxes
  4 shadow dragons
  2 storm dragons
  3 tengu reavers
  A sphinx (shapeshifter) (Zig:18)
  A draconian monk (Depths:5)
  3 nagarajas (Zig:15)
  8 revenants
  Kirke (Lair:4)
  2 daevas (Zig:4)
  3 warmongers
  2 azure jellies
  11 frost giants
  7 fire giants
  2 azure jellies (shapeshifter) (Zig:18)
  Ilsuiw (Shoals:3)
  2 iron dragons
  A draconian scorcher (Depths:5)
  11 vault wardens
  7 deep elf sorcerers
  4 ghost moths
  5 balrugs
  3 orc warlords
  6 curse skulls
  An angel (Zig:4)
  8 deep elf elementalists
  Aizul (Depths:3)
  10 ironheart preservers
  3 reapers
  7 emperor scorpions
  7 very ugly things
  3 war gargoyles (Zig:10)
  A ghoul (Vaults:2)
  23 stone giants
  5 spriggan defenders
  A blood saint (Zig:13)
  6 bennus
  2 juggernaut skeletons
  A green draconian (Depths:5)
  3 black draconians (Depths:5)
  4 entropy weavers
  13 vampire knights
  14 deep elf annihilators
  A white draconian (Zig:16)
  4 black suns
  13 deep elf demonologists
  3 spark wasps (Depths:4)
  2 dire elephants (Zig:10)
  A lorocyproca (Zig:16)
  6 ettins
  5 eidola
  7 merfolk javelineers
  3 blizzard demons
  3 green deaths
  7 fire dragons
  2 crystal guardians
  Josephine (Lair:4)
  13 deep elf death magi
  22 mummy priests
  12 merfolk impalers
  17 ogre magi
  Harold (Orc:1)
  11 great orbs of eyes
  25 yaktaur captains
  4 deep elf high priests
  9 ice dragons
  9 jiangshi
  4 rakshasas
  5 spriggan air magi
  6 vault guards
  2 ghost crabs
  17 centaur warriors
  2 death knights
  3 catoblepae (Lair:6)
  A naga warrior (Zig:15)
  15 hydras
  An alligator snapping turtle (Shoals:4)
  6 merfolk avatars
  7 merfolk aquamancers
  A spectral fire giant (Zig:12)
  A spectral frost giant (Zig:12)
  38 dancing weapons
  An alligator (Zig:3)
  9 vampire magi
  4 tengu warriors
  9 death yaks (Lair:6)
  39 death scarabs
  13 satyrs
  4 deep troll shamans
  8 deep troll earth magi
  2 thrashing horrors (Zig:16)
  6 orc high priests
  7 hell knights (Depths:2)
  4 spriggan berserkers
  A shock serpent (Zig:3)
  6 naga sharpshooters
  33 deep elf knights
  2 storm dragon zombies
  3 wretched stars (Zig:16)
  9 soul eaters
  3 fire crabs (shapeshifter)
  2 sun demons (Depths:1)
  4 fire crabs (Zig:13)
  4 shadow wraiths
  A sixfirhy (Zig:13)
  3 spatial maelstroms (Zig:16)
  A titan skeleton (Depths:3)
  An iron troll (shapeshifter) (Zig:18)
  3 iron trolls
  A salamander mystic (Zig:3)
  23 skeletal warriors
  A golden dragon zombie (Crypt:2)
  5 glowing orange brains
  A death drake (Zig:16)
  13 deep trolls
  A storm dragon skeleton (Zig:8)
  28 deep elf archers
  2 swamp dragons
  5 unseen horrors
  An obsidian statue (Zig:4)
  7 sea snakes
  5 flayed ghosts
  2 spriggan druids
  A shadow demon (Zig:11)
  A shambling mangrove (Zig:5)
  7 wizards
  Pikel (D:4)
  2 swamp dragons (shapeshifter)
  2 shadow dragon zombies
  12 hill giants
  10 ironbrand convokers
  An anaconda skeleton (Crypt:3)
  6 large abominations
  11 harpies
  A wolf spider zombie (Crypt:2)
  11 orc knights
  3 phantasmal warriors
  8 necromancers
  A stone giant zombie (Zig:8)
  An orb spider (shapeshifter) (Elf:3)
  32 orb spiders
  A tengu zombie (Vaults:4)
  62 deep elf magi
  2 shining eyes (Zig:4)
  A mana viper (Zig:15)
  40 wolf spiders
  A shadow dragon skeleton (Vaults:4)
  8 orc sorcerers
  A salamander (shapeshifter) (Vaults:3)
  4 fire giant zombies
  A frost giant zombie (Tomb:3)
  15 cyclopes
  56 ugly things
  23 manticores
  5 moths of wrath
  5 oklob plants
  10 fauns
  A hell hog skeleton (Crypt:2)
  6 elephants (Lair:6)
  A sphinx skeleton (Crypt:1)
  2 guardian serpents (shapeshifter)
  2 iron dragon skeletons (Crypt:2)
  4 water nymphs
  2 fire giant skeletons
  A black mamba (shapeshifter) (Depths:2)
  A shock serpent zombie (Crypt:3)
  12 vault sentinels
  2 guardian serpents (Zig:15)
  An apocalypse crab (Zig:18)
  10 merfolk sirens
  2 ice statues (IceCv)
  3 black mambas
  A titan simulacrum (Tomb:2)
  A frost giant skeleton (Vaults:1)
  A water nymph (shapeshifter) (Zig:18)
  2 torpor snails
  4 naga magi
  A black draconian zombie (Crypt:2)
  A gargoyle (Zig:10)
  2 eyes of devastation (Zig:9)
  An orange demon (Depths:3)
  12 spiny frogs
  2 dire elephant skeletons
  2 rime drakes
  A rime drake (shapeshifter) (Depths:2)
  A hellion (Zig:11)
  17 demonic crawlers
  A yellow draconian zombie (Crypt:1)
  2 kobold demonologists
  10 freezing wraiths
  70 yaktaurs
  3 ice devils
  A death yak skeleton (Crypt:3)
  7 efreet
  A komodo dragon (shapeshifter) (Depths:1)
  A green draconian skeleton (Crypt:2)
  4 tormentors
  14 komodo dragons
  A redback zombie (Crypt:3)
  A queen ant zombie (Crypt:3)
  2 red devils
  3 ancient zymes (Zig:16)
  2 hellwings
  56 guardian mummies
  A troll (shapeshifter) (Vaults:2)
  29 two-headed ogres
  2 jumping spiders (shapeshifter)
  A merfolk (shapeshifter) (Zig:18)
  41 merfolk
  2 polar bears
  10 trolls
  24 hornets
  3 hydra zombies (Crypt:2)
  49 jumping spiders
  A polar bear (shapeshifter) (Vaults:2)
  5 tyrant leeches
  A wolf spider simulacrum (D:15)
  A meliai (shapeshifter) (D:15)
  5 tengu conjurers
  A wind drake (shapeshifter) (Vaults:3)
  A hydra skeleton (Tomb:3)
  13 hippogriffs
  Grinder (D:4)
  11 blink frogs (Lair:6)
  9 wind drakes
  27 slime creatures
  3 raiju (Zig:16)
  4 dream sheep (Shoals:3)
  2 blink frogs (shapeshifter)
  A slime creature (shapeshifter) (Zig:18)
  14 snapping turtles
  3 bog bodies
  A fire dragon zombie (Crypt:2)
  A hippogriff (shapeshifter) (Depths:3)
  2 frost giant simulacra (Depths:2)
  3 ettin zombies
  26 flying skulls
  34 tarantellas
  2 ettin skeletons
  114 redbacks
  17 air elementals
  A redback (shapeshifter) (Zig:18)
  2 shadows
  67 yaks
  Sigmund (D:2)
  16 ushabtiu
  7 spriggans
  24 water elementals
  5 hogs (Lair:4)
  9 wyverns
  An ice dragon skeleton (Tomb:1)
  15 wraiths
  2 spriggan skeletons
  5 vampires
  A dire elephant simulacrum (Crypt:2)
  3 basilisks
  A wyvern (shapeshifter) (D:15)
  16 fire elementals
  A steam dragon (D:9)
  2 yaks (shapeshifter)
  A human (shapeshifter) (Zig:11)
  5 hungry ghosts
  A golden eye (Zig:9)
  5 neqoxecs (Zig:16)
  5 chaos spawn
  3 vampire mosquitoes
  A monstrous demonspawn zombie (Crypt:1)
  3 nagas
  6 wargs
  A soldier ant (D:10)
  A merfolk skeleton (Tomb:1)
  A spiny frog zombie (Crypt:2)
  15 water moccasins
  2 floating eyes
  A hell hound (shapeshifter) (Depths:3)
  13 porcupines
  A water moccasin (shapeshifter) (Vaults:3)
  A hydra simulacrum (Crypt:2)
  An acid dragon (Vaults:2)
  4 hell hounds (Zig:13)
  2 eyes of draining (Zig:9)
  6 swamp drakes
  A hornet zombie (Crypt:1)
  43 orc warriors
  9 ice beasts
  6 sky beasts
  2 phantoms
  5 black bears (D:11)
  A black bear (shapeshifter) (Vaults:1)
  2 necrophages (Zig:11)
  15 wolves
  65 ogres
  7 starcursed masses (Zig:16)
  An ogre (shapeshifter) (Vaults:3)
  28 centaurs
  An elf simulacrum (Zig:16)
  15 crocodiles
  5 big kobolds
  An octopode zombie (Crypt:1)
  5 elf zombies
  12 bullfrogs
  A gnoll sergeant (D:8)
  A draconian skeleton (Crypt:2)
  11 earth elementals
  A hippogriff skeleton (Crypt:1)
  A wyvern skeleton (D:14)
  3 scorpions
  A troll zombie (D:15)
  2 human simulacra
  13 killer bees
  A spriggan zombie (Tomb:3)
  A raiju skeleton (Crypt:3)
  A howler monkey (D:8)
  A wight (D:15)
  A troll skeleton (D:15)
  3 electric eels
  12 crimson imps
  A wolf zombie (Crypt:3)
  15 small abominations
  5 centaur zombies
  2 quasits (D:11)
  A bullfrog zombie (D:12)
  2 hounds
  25 orc wizards
  A hound (shapeshifter) (Vaults:2)
  3 jellies
  A bullfrog skeleton (D:9)
  4 human zombies
  23 orc priests
  6 centaur skeletons
  5 iguanas
  A two-headed ogre skeleton (Crypt:2)
  6 human skeletons
  15 worker ants
  8 hell rats
  A lightning spire (Zig:10)
  A porcupine zombie (Crypt:1)
  2 big kobold zombies (Ossuary)
  A dwarf zombie (Crypt:1)
  A tengu skeleton (Crypt:1)
  An ogre skeleton (Crypt:3)
  A big kobold skeleton (Crypt:3)
  58 mummies
  2 worker ant zombies
  Robin (D:3)
  14 adders
  11 gnolls
  A swamp drake skeleton (Crypt:2)
  5 shadow imps
  3 white imps
  An ufetubus (D:15)
  2 oozes
  2 adder zombies
  An iguana zombie (Crypt:3)
  An adder skeleton (D:8)
  6 worms
  A dart slug (D:5)
  6 leopard geckos
  107 orcs
  6 giant cockroaches
  A gnoll zombie (D:8)
  25 goblins
  24 hobgoblins
  15 jackals
  6 quokkas
  2 ball pythons
  5 bats
  5 frilled lizards
  2 goblin zombies (Ossuary)
  3 hobgoblin zombies
  A jackal skeleton (D:8)
  26 kobolds
  A kobold zombie (Ossuary)
  A leopard gecko skeleton (D:5)
  A leopard gecko zombie (D:7)
  3 orc zombies
  3 quokka skeletons
  A quokka zombie (D:10)
  12 rats
  A rat zombie (Ossuary)
  12 crawling corpses
  25 fungi
  9 plants
  6 starspawn tentacles (Zig:16)
  4 tentacles
3123 creatures vanquished.

Vanquished Creatures (others)
  A deep elf master archer (Zig:19)
  An eldritch tentacle (Zig:18)
  A fire giant (Depths:2)
  A spriggan defender (Depths:2)
  A stone giant (Zig:19)
  2 spriggan air magi (Depths:2)
  An alligator (Zig:5)
  3 dancing weapons
  26 death scarabs
  2 naga sharpshooters (Zig:14)
  2 deep elf knights
  An unseen horror (Vaults:1)
  3 deep elf magi
  3 fauns
  An iron dragon skeleton (Tomb:2)
  A gargoyle (Zig:10)
  A merfolk (Shoals:4)
  A hornet (Depths:2)
  6 flying skulls (Tomb:2)
  2 spriggans (Depths:2)
  An air elemental (Depths:2)
  A tarantella (Spider:3)
  A water elemental (Zig:17)
  A swamp drake (Zig:5)
  An eye of draining (Zig:16)
  3 ogres
  3 centaurs
  A worker ant (D:4)
  A mummy (Tomb:2)
  39 fungi
  28 plants
  5 starspawn tentacles (Zig:16)
  6 tentacles
151 creatures vanquished.

Grand Total: 3274 creatures vanquished

Notes
Turn   | Place    | Note
-------+----------+-------------------------------------------
     0 | D:1      | PurpleRed the Mummy Fighter began the quest for the Orb.
     0 | D:1      | Reached XP level 1. HP: 18/18 MP: 1/1
   190 | D:1      | Reached XP level 2. HP: 24/24 MP: 2/2
   680 | D:1      | Reached XP level 3. HP: 25/29 MP: 3/3
  1082 | D:2      | Noticed Sigmund
  1397 | D:2      | Found a burning altar of Makhleb.
  1446 | D:2      | Killed Sigmund
  1446 | D:2      | Reached XP level 4. HP: 12/38 MP: 4/4
  1446 | D:2      | Reached XP level 5. HP: 13/43 MP: 5/5
  2521 | D:3      | Noticed Robin
  2530 | D:3      | Reached XP level 6. HP: 49/49 MP: 6/6
  2554 | D:3      | Killed Robin
  3391 | D:4      | Noticed Grinder
  3404 | D:4      | Killed Grinder
  3404 | D:4      | Reached skill level 5 in Fighting
  3404 | D:4      | Reached skill level 5 in Axes
  3404 | D:4      | Reached XP level 7. HP: 56/56 MP: 7/7
  3617 | D:4      | Noticed Pikel
  3672 | D:4      | Killed Pikel
  3672 | D:4      | Reached XP level 8. HP: 48/64 MP: 8/8
  3793 | D:5      | Entered Level 5 of the Dungeon
  3822 | D:5      | Found a staircase to the Ecumenical Temple.
  3833 | Temple   | Entered the Ecumenical Temple
  4070 | Temple   | Became a worshipper of Warmaster Okawaru
  4103 | D:5      | Found a sparkling altar of Nemelex Xobeh.
  4103 | D:5      | Found a hazy altar of Hepliaklqana.
  4104 | D:5      | Found a shimmering altar of Xom.
  4128 | D:5      | Found a snail-covered altar of Cheibriados.
  4201 | D:5      | Found a shadowy altar of Dithmenos.
  5086 | D:5      | Reached skill level 1 in Invocations
  5712 | D:6      | Reached * piety under Okawaru
  5712 | D:6      | Reached XP level 9. HP: 71/71 MP: 10/10
  5783 | D:6      | Found a sparkling altar of Nemelex Xobeh.
  7162 | D:8      | Found a sand-covered staircase.
  7174 | Ossuary  | Entered an ossuary
  7192 | Ossuary  | Reached ** piety under Okawaru
  7967 | D:8      | Reached skill level 10 in Axes
  8003 | D:8      | You fall through a shaft for 2 floors!
  8003 | D:10     | Entered Level 10 of the Dungeon
  8131 | D:10     | Reached *** piety under Okawaru
  8186 | D:10     | Found a roughly hewn altar of Beogh.
  8193 | D:10     | Reached XP level 10. HP: 77/77 MP: 13/13
  9595 | D:9      | Noticed a moth of wrath
  9598 | D:9      | Found a bloodstained altar of Trog.
  9930 | D:10     | Found a staircase to the Orcish Mines.
 10003 | D:10     | Reached **** piety under Okawaru
 10426 | D:11     | Noticed a hill giant
 10444 | D:11     | Killed a hill giant
 10444 | D:11     | Reached skill level 5 in Armour
 10494 | D:11     | Reached XP level 11. HP: 54/83 MP: 14/14
 10802 | D:11     | Noticed a hill giant
 10812 | D:11     | Killed a hill giant
 10844 | D:11     | Reached ***** piety under Okawaru
 11130 | D:11     | Noticed a hill giant
 11139 | D:11     | Killed a hill giant
 11192 | D:11     | Found a staircase to the Lair.
 11535 | D:12     | Noticed a brown ugly thing
 11544 | D:12     | Killed a brown ugly thing
 12214 | D:12     | Received a gift from Okawaru
 12396 | D:12     | Noticed a skeletal warrior
 12397 | D:12     | Noticed a skeletal warrior
 12397 | D:12     | Noticed a skeletal warrior
 12417 | D:12     | Killed a skeletal warrior
 12417 | D:12     | Reached XP level 12. HP: 75/89 MP: 8/15
 13428 | D:12     | Found an opulent altar of Gozag.
 13468 | D:12     | Received a gift from Okawaru
 13974 | Lair:1   | Entered Level 1 of the Lair of Beasts
 14518 | Lair:1   | Noticed a five-headed hydra
 14530 | Lair:1   | Killed a five-headed hydra
 14997 | Lair:1   | Received a gift from Okawaru
 15569 | Lair:2   | Noticed a five-headed hydra
 15580 | Lair:2   | Killed a five-headed hydra
 15763 | Lair:2   | Gained mutation: You are in touch with the powers of death. [Mummy growth]
 15763 | Lair:2   | Reached XP level 13. HP: 91/99 MP: 1/16
 16083 | Lair:2   | Got a coiled iron amulet
 16084 | Lair:2   | Identified the amulet "Buannaff" {Gourm rN+ MP+9} (You found it on level 2 of the Lair of Beasts)
 16393 | Lair:3   | Found a stormy altar of Qazlal.
 16981 | Lair:3   | Reached skill level 15 in Axes
 17142 | Lair:3   | Found a shimmering altar of Xom.
 17710 | Lair:3   | Received a gift from Okawaru
 17713 | Lair:3   | Got a polished chain mail {god gift}
 17725 | Lair:3   | Identified the +1 chain mail "Koucraer" {Int+4} (Okawaru gifted it to you on level 3 of the Lair of Beasts)
 18160 | Lair:4   | Found a staircase to the Shoals.
 18212 | Lair:4   | Noticed Kirke
 18241 | Lair:4   | Killed Kirke
 18604 | Lair:4   | Found a hole to the Spider Nest.
 19386 | Lair:5   | Noticed Josephine
 19395 | Lair:4   | Killed Josephine
 19549 | Lair:5   | Found a viscous altar of Jiyva.
 19549 | Lair:5   | Found a staircase to the Slime Pits.
 19664 | Lair:5   | Reached skill level 10 in Fighting
 20005 | Lair:6   | Entered Level 6 of the Lair of Beasts
 20583 | Lair:6   | Received a gift from Okawaru
 20916 | Lair:6   | Reached XP level 14. HP: 94/111 MP: 14/17
 21217 | Lair:6   | Received a gift from Okawaru
 22518 | Orc:1    | Entered Level 1 of the Orcish Mines
 22532 | Orc:1    | Found a roughly hewn altar of Beogh.
 22738 | Orc:1    | Noticed Harold
 22755 | Orc:1    | Killed Harold
 22870 | Orc:1    | Found a roughly hewn altar of Beogh.
 23202 | Orc:1    | Noticed an orc warlord
 23750 | Orc:1    | Killed an orc warlord
 23878 | Orc:2    | Entered Level 2 of the Orcish Mines
 24063 | Orc:1    | Received a gift from Okawaru
 24379 | Orc:2    | Noticed an orc warlord
 24594 | Orc:1    | Killed an orc warlord
 25070 | Orc:2    | Found Tekit's Antique Weapon Shoppe.
 25163 | Orc:2    | Found Eloahar's General Store.
 25375 | Orc:2    | Bought a scroll of fear for 59 gold pieces
 25400 | Orc:2    | Found a staircase to the Elven Halls.
 25441 | Orc:2    | Found Ibaonnyf's Jewellery Emporium.
 25512 | Orc:1    | Reached XP level 15. HP: 60/119 MP: 3/18
 25805 | Orc:2    | Received a gift from Okawaru
 25902 | Orc:2    | Found Iriedir's Antique Armour Boutique.
 25910 | Orc:2    | Bought an ichor-stained helmet for 266 gold pieces
 25920 | Orc:2    | Identified the +1 helmet of Loss {rElec} (You bought it in a shop on level 2 of the Orcish Mines)
 25921 | Orc:2    | Bought a faintly humming cloak for 266 gold pieces
 25931 | Orc:2    | Identified the -5 cloak of the Ancient Realms {rPois MP+9 Slay+3} (You bought it in a shop on level 2 of the Orcish Mines)
 26114 | Orc:2    | Bought the ring of the Country {Slay+3 SInv} for 449 gold pieces
 26162 | Orc:2    | Bought a smelly plate armour for 784 gold pieces
 26172 | Orc:2    | Identified the +0 plate armour of Makhleb's Delight {Str+4} (You bought it in a shop on level 2 of the Orcish Mines)
 26793 | D:13     | Found a gate to the Vaults.
 27306 | D:14     | Reached skill level 5 in Invocations
 27543 | D:14     | Found a glowing golden altar of the Shining One.
 27939 | D:15     | Entered Level 15 of the Dungeon
 27974 | D:15     | Received a gift from Okawaru
 27995 | D:15     | Found a frozen archway.
 28005 | IceCv    | Entered an ice cave
 28029 | IceCv    | Got a twisted chain mail
 28040 | IceCv    | Identified the +1 chain mail of the Bruised Emperors {rPois rC+ SInv} (You found it in an ice cave)
 28393 | D:15     | Learned a level 2 spell: Repel Missiles
 28397 | D:15     | Learned a level 2 spell: Swiftness
 28575 | D:15     | Reached ****** piety under Okawaru
 28877 | D:15     | Found an ancient bone altar of Kikubaaqudgha.
 29179 | D:15     | Found a burning altar of Makhleb.
 29758 | D:15     | Found a staircase to the Depths.
 30139 | D:15     | Reached XP level 16. HP: 91/129 MP: 15/21
 30499 | Spider:1 | Entered Level 1 of the Spider Nest
 30528 | Spider:1 | Received a gift from Okawaru
 32380 | Spider:2 | Identified a +0 pair of boots of running (Okawaru gifted it to you on level 15 of the Dungeon)
 32450 | Spider:2 | Noticed Arachne
 32474 | Spider:2 | Killed Arachne
 32483 | Spider:2 | Identified a scroll of acquirement
 33328 | Spider:1 | Received a gift from Okawaru
 33341 | Spider:1 | Got an iridescent executioner's axe {god gift}
 33523 | Spider:1 | Identified the +9 executioner's axe of Blood {flame, Str+7 Int-4} (Okawaru gifted it to you on level 1 of the Spider Nest)
 33949 | Spider:3 | Reached skill level 1 in Dodging
 34233 | Spider:3 | Noticed Nikola
 34255 | Spider:3 | Killed Nikola
 34955 | Spider:3 | Received a gift from Okawaru
 35180 | Spider:3 | Reached XP level 17. HP: 137/137 MP: 23/23
 35365 | Spider:4 | Entered Level 4 of the Spider Nest
 36038 | Spider:4 | Learned a level 1 spell: Apportation
 36454 | Spider:3 | Received a gift from Okawaru
 38491 | Spider:4 | Received a gift from Okawaru
 38968 | Spider:4 | Got a gossamer rune of Zot
 39188 | Shoals:1 | Entered Level 1 of the Shoals
 39247 | Shoals:1 | Reached skill level 5 in Dodging
 39936 | Shoals:2 | Received a gift from Okawaru
 39939 | Shoals:2 | Got a crude hand axe {god gift}
 39940 | Shoals:2 | Identified the +1 hand axe of Radicalism {freeze, rPois rC+ Str+3 Dex-4} (Okawaru gifted it to you on level 2 of the Shoals)
 40040 | Shoals:2 | Got a dazzling war axe
 40068 | Shoals:2 | Reached XP level 18. HP: 111/147 MP: 19/24
 40071 | Shoals:2 | Identified the +11 war axe of the Big Fish {chop, +Rage +Fly Str+4 Int-3} (You found it on level 2 of the Shoals)
 40912 | Shoals:3 | Noticed DemiseSR's ghost (adept MiBe)
 40933 | Shoals:3 | Killed DemiseSR's ghost
 41571 | Shoals:4 | Entered Level 4 of the Shoals
 41841 | Shoals:4 | Received a gift from Okawaru
 42587 | Shoals:4 | Noticed Ilsuiw
 42837 | Shoals:3 | Killed Ilsuiw
 42837 | Shoals:3 | Reached skill level 15 in Fighting
 43853 | Shoals:4 | Reached skill level 10 in Armour
 44063 | Shoals:4 | Learned a level 2 spell: Passwall
 45116 | Shoals:4 | Got a barnacled rune of Zot
 45207 | Shoals:4 | Noticed Roxanne
 47303 | Vaults:1 | Entered Level 1 of the Vaults
 47456 | Vaults:1 | Received a gift from Okawaru
 47986 | Vaults:1 | Reached XP level 19. HP: 152/155 MP: 25/25
 49305 | Vaults:2 | Received a gift from Okawaru
 50136 | Vaults:2 | Received a gift from Okawaru
 50147 | Vaults:2 | Got a pair of ichor-stained boots {god gift}
 50189 | Vaults:2 | Identified the -6 pair of boots of Surprise {*Contam rPois Int+8} (Okawaru gifted it to you on level 2 of the Vaults)
 51350 | Vaults:3 | Found a staircase to the Crypt.
 51550 | Vaults:3 | Reached XP level 20. HP: 149/166 MP: 26/26
 51697 | Vaults:3 | Received a gift from Okawaru
 51710 | Vaults:3 | Noticed Saint Roka
 51721 | Vaults:3 | Killed Saint Roka
 52389 | Vaults:4 | Received a gift from Okawaru
 52651 | Vaults:4 | Reached skill level 10 in Dodging
 53841 | Crypt:1  | Entered Level 1 of the Crypt
 54081 | Crypt:1  | Noticed Jorgrun
 54095 | Crypt:1  | Killed Jorgrun
 54263 | Crypt:1  | Found a basalt altar of Yredelemnul.
 54278 | Crypt:1  | Received a gift from Okawaru
 54825 | Crypt:2  | Reached XP level 21. HP: 165/174 MP: 27/27
 55451 | Crypt:3  | Entered Level 3 of the Crypt
 55593 | Crypt:3  | Found a staircase to the Tomb.
 55932 | Crypt:3  | Noticed a curse toe
 55962 | Crypt:3  | Killed a curse toe
 55975 | Crypt:3  | Received a gift from Okawaru
 56135 | Crypt:3  | Noticed an ancient lich
 56135 | Crypt:3  | Noticed an ancient lich
 56135 | Crypt:3  | Noticed an ancient lich
 56324 | Crypt:3  | Killed an ancient lich
 56333 | Crypt:3  | Killed an ancient lich
 56451 | Crypt:3  | Killed an ancient lich
 56458 | Crypt:3  | Identified Roxanne's Handbook of Stones
 56753 | Crypt:3  | Got a crude steel amulet
 56754 | Crypt:3  | Identified the amulet of Finality {RegenMP Fragile rF++ Stlth+} (You acquired it on level 3 of the Crypt)
 57083 | Depths:1 | Entered Level 1 of the Depths
 57157 | Depths:1 | Noticed the Enchantress
 57187 | Depths:1 | Killed the Enchantress
 57222 | Depths:1 | Got faerie dragon scales
 57229 | Depths:1 | Identified the +1 faerie dragon scales {rCorr Str-3 Int+5} (You took it off the Enchantress on level 1 of the Depths)
 57338 | Depths:1 | Received a gift from Okawaru
 57379 | Depths:1 | Identified the +5 chain mail "Zuuf" {Int+3} (Okawaru gifted it to you on level 1 of the Depths)
 57689 | Depths:1 | Reached XP level 22. HP: 184/184 MP: 28/28
 57745 | Depths:1 | Found a gateway to Hell.
 57965 | Depths:1 | Found a one-way gate leading to the halls of Pandemonium.
 58460 | Depths:2 | Noticed a golden dragon
 58476 | Depths:2 | Killed a golden dragon
 58538 | Depths:2 | Identified the +10 plate armour of Objectivity {SInv} (You took it off a spriggan rider on level 2 of the Depths)
 58922 | Depths:2 | Received a gift from Okawaru
 59368 | Depths:3 | Noticed Sojobo
 59415 | Depths:3 | Killed Sojobo
 59864 | Depths:3 | Noticed Boris
 59874 | Depths:3 | Killed Boris
 59886 | Depths:3 | Noticed a golden dragon
 59912 | Depths:3 | Killed a golden dragon
 59912 | Depths:3 | Received a gift from Okawaru
 59989 | Depths:3 | Noticed Aizul
 60005 | Depths:3 | Killed Aizul
 60065 | Depths:3 | Got a scintillating ivory ring
 60070 | Depths:3 | Identified the ring "Voavateb" {+Fly Str+4 Dex+3} (You acquired it on level 3 of the Depths)
 60080 | Depths:3 | Got a slimy buckler
 60087 | Depths:3 | Identified the +0 buckler of Generosity {rPois rN+ Str-5} (You acquired it on level 3 of the Depths)
 60369 | Depths:3 | Noticed an ancient lich
 60391 | Depths:3 | Found a gateway to a ziggurat.
 60748 | Depths:4 | Reached XP level 23. HP: 157/194 MP: 29/29
 60770 | Depths:4 | Received a gift from Okawaru
 60818 | Depths:4 | Reached skill level 15 in Armour
 60887 | Depths:4 | Found a glowing silver altar of Zin.
 61135 | Depths:4 | Found a glowing golden altar of the Shining One.
 61464 | Depths:4 | Found a one-way gate to the infinite horrors of the Abyss.
 61656 | Depths:5 | Entered Level 5 of the Depths
 62359 | Depths:5 | Noticed a juggernaut
 62377 | Depths:5 | Killed a juggernaut
 62377 | Depths:5 | Received a gift from Okawaru
 62517 | Depths:5 | Found a gate to the Realm of Zot.
 63443 | Tomb:1   | Entered Level 1 of the Tomb of the Ancients
 64052 | Tomb:1   | Noticed an ancient lich
 64071 | Tomb:1   | Killed an ancient lich
 64071 | Tomb:1   | Reached XP level 24. HP: 186/205 MP: 28/29
 64255 | Tomb:1   | Received a gift from Okawaru
 64483 | Tomb:2   | Noticed a greater mummy
 64483 | Tomb:2   | Noticed a greater mummy
 64483 | Tomb:2   | Noticed a greater mummy
 64483 | Tomb:2   | Noticed a greater mummy
 64867 | Tomb:1   | Killed a greater mummy
 65163 | Tomb:1   | Killed a greater mummy
 65163 | Tomb:1   | Reached skill level 15 in Dodging
 65193 | Tomb:1   | Killed a greater mummy
 65351 | Tomb:1   | Killed a greater mummy
 65351 | Tomb:1   | Received a gift from Okawaru
 65361 | Tomb:1   | Identified the +5 ring mail of the Lich-sworn {rElec MR+} (Okawaru gifted it to you on level 1 of the Tomb of the Ancients)
 65525 | Tomb:2   | Noticed Mennas
 65763 | Tomb:1   | Killed Mennas
 65979 | Tomb:1   | Noticed a greater mummy
 65998 | Tomb:1   | Killed a greater mummy
 66017 | Tomb:1   | Noticed a greater mummy
 66026 | Tomb:1   | Killed a greater mummy
 66078 | Tomb:1   | Noticed a greater mummy
 66085 | Tomb:1   | Killed a greater mummy
 66122 | Tomb:1   | Noticed a greater mummy
 66131 | Tomb:1   | Killed a greater mummy
 66132 | Tomb:1   | Noticed a greater mummy
 66144 | Tomb:1   | Killed a greater mummy
 66180 | Tomb:1   | Noticed a greater mummy
 66192 | Tomb:1   | Killed a greater mummy
 66245 | Tomb:1   | Noticed a greater mummy
 66263 | Tomb:1   | Killed a greater mummy
 66264 | Tomb:1   | Noticed a greater mummy
 66272 | Tomb:1   | Killed a greater mummy
 66316 | Tomb:1   | Noticed a greater mummy
 66327 | Tomb:1   | Killed a greater mummy
 66330 | Tomb:1   | Noticed a greater mummy
 66349 | Tomb:1   | Killed a greater mummy
 66471 | Tomb:1   | Noticed a greater mummy
 66477 | Tomb:1   | Killed a greater mummy
 66507 | Tomb:1   | Noticed a greater mummy
 66514 | Tomb:1   | Killed a greater mummy
 66517 | Tomb:1   | Noticed a greater mummy
 66523 | Tomb:1   | Noticed a greater mummy
 66526 | Tomb:1   | Killed a greater mummy
 66535 | Tomb:1   | Killed a greater mummy
 66535 | Tomb:1   | Reached XP level 25. HP: 183/215 MP: 29/29
 66541 | Tomb:1   | Noticed a greater mummy
 66550 | Tomb:1   | Killed a greater mummy
 66580 | Tomb:1   | Noticed a greater mummy
 66590 | Tomb:1   | Killed a greater mummy
 66640 | Tomb:2   | Received a gift from Okawaru
 66777 | Tomb:3   | Entered Level 3 of the Tomb of the Ancients
 66916 | Tomb:3   | Noticed a greater mummy
 66928 | Tomb:3   | Noticed a greater mummy
 66929 | Tomb:3   | Noticed a greater mummy
 66930 | Tomb:3   | Noticed a greater mummy
 66931 | Tomb:3   | Noticed a greater mummy
 67046 | Tomb:3   | Noticed a greater mummy
 67096 | Tomb:3   | Noticed a greater mummy
 67104 | Tomb:2   | Killed a greater mummy
 67104 | Tomb:2   | Received a gift from Okawaru
 67105 | Tomb:2   | Killed a greater mummy
 67108 | Tomb:2   | Got a shimmering broad axe {god gift}
 67109 | Tomb:2   | Identified the +3 broad axe of Defilement {chop, Str+4} (Okawaru gifted it to you on level 2 of the Tomb of the Ancients)
 67184 | Tomb:3   | Noticed an ancient lich
 67192 | Tomb:2   | Killed a greater mummy
 67260 | Tomb:3   | Noticed a greater mummy
 67307 | Tomb:2   | Killed a greater mummy
 67357 | Tomb:2   | Killed an ancient lich
 67410 | Tomb:2   | Killed a greater mummy
 67493 | Tomb:2   | Killed a greater mummy
 67525 | Tomb:2   | Killed a greater mummy
 67753 | Tomb:2   | Killed a greater mummy
 67753 | Tomb:2   | Received a gift from Okawaru
 67999 | Tomb:3   | Got a golden rune of Zot
 68186 | Tomb:3   | Identified the Grimoire of Arcane Weapons
 68247 | Tomb:3   | Identified the Volume of Ice and Earth
 68251 | Tomb:3   | Got a pair of heavily runed gloves
 68262 | Tomb:3   | Identified the +2 pair of gloves "Offafrid" {Int+4} (You found it on level 3 of the Tomb of the Ancients)
 68273 | Tomb:3   | Got a scorched jade ring
 68275 | Tomb:3   | Identified the ring "Lofisis" {+Fly rPois rF+ Dex+4} (You found it on level 3 of the Tomb of the Ancients)
 68359 | Tomb:3   | Got a bloodstained battleaxe
 68360 | Tomb:3   | Identified the +8 battleaxe of Amortisation {chop, rElec rPois Str-4} (You found it on level 3 of the Tomb of the Ancients)
 69230 | Elf:1    | Entered Level 1 of the Elven Halls
 69970 | Elf:1    | Found Lopanute's Gadget Boutique.
 70198 | Elf:2    | Found Fap Aby's Magic Scroll Shop.
 70348 | Elf:2    | Found a huge runed gate.
 70348 | Elf:2    | Found a huge runed gate.
 70348 | Elf:2    | Found a huge runed gate.
 70348 | Elf:2    | Found a huge runed gate.
 70348 | Elf:2    | Found a huge runed gate.
 70400 | Elf:2    | Found Atteleysmy's General Store.
 70412 | Elf:2    | Found Duclixy's Distillery.
 70412 | Elf:2    | Found Qaeteh's Antique Armour Shoppe.
 70442 | Elf:2    | Bought a scroll of silence for 90 gold pieces
 70442 | Elf:2    | Bought a scroll of enchant weapon for 90 gold pieces
 70443 | Elf:2    | Found Aviloew's Food Shoppe.
 70466 | Elf:2    | Gained mutation: You are strongly in touch with the powers of death. [Mummy growth]
 70466 | Elf:2    | Reached XP level 26. HP: 224/226 MP: 29/29
 71122 | Elf:3    | Entered Level 3 of the Elven Halls
 71561 | Elf:3    | Received a gift from Okawaru
 71743 | Elf:3    | Identified the +1 buckler of the Guilds {+Blink rF++ MP+9 Dex-3} (Okawaru gifted it to you on level 3 of the Elven Halls)
 72009 | Elf:3    | Identified Goticher's Grimoire of Toxins and the Blaze
 72013 | Elf:3    | Identified the Guide on Boosting Creation
 72023 | Elf:3    | Identified the cursed +0 scale mail of Vehumet's Castigation {rF+ Slay+5} (You found it on level 3 of the Elven Halls)
 72082 | Elf:3    | Got a coiled pewter ring
 72084 | Elf:3    | Identified the ring "Toawohif" {*Slow rElec rC+++ MR+} (You found it on level 3 of the Elven Halls)
 72647 | Depths:3 | Killed an ancient lich
 72654 | Zig:1    | Entered Level 1 of a ziggurat
 72670 | Zig:2    | Entered Level 2 of a ziggurat
 72695 | Zig:3    | Entered Level 3 of a ziggurat
 72713 | Zig:3    | Identified the Collected Works on Destructive Malediction
 72729 | Zig:4    | Entered Level 4 of a ziggurat
 72855 | Zig:5    | Entered Level 5 of a ziggurat
 72900 | Zig:5    | Got a warped tin ring
 72902 | Zig:5    | Identified the ring of Psychosis {rPois rF+ Str-3 SInv} (You found it on level 5 of a ziggurat)
 72915 | Zig:6    | Entered Level 6 of a ziggurat
 72918 | Zig:6    | Noticed a juggernaut
 72940 | Zig:6    | Killed a juggernaut
 72942 | Zig:6    | Received a gift from Okawaru
 72964 | Zig:6    | Got a bound ivory ring
 72966 | Zig:6    | Identified the ring of Peneumaywo {+Fly rC+ EV+4} (You found it on level 6 of a ziggurat)
 72972 | Zig:7    | Entered Level 7 of a ziggurat
 72976 | Zig:7    | Noticed a juggernaut
 73015 | Zig:7    | Killed a juggernaut
 73033 | Zig:7    | Identified Diukuel's Primer on Witchery
 73172 | Zig:8    | Entered Level 8 of a ziggurat
 73172 | Zig:8    | Noticed alcopop's ghost (legendary NaFi)
 73199 | Zig:8    | Killed alcopop's ghost
 73200 | Zig:8    | Noticed Bios the pandemonium lord
 73219 | Zig:8    | Killed Bios the pandemonium lord
 73401 | Zig:8    | Identified the amulet of Gaashrien {Harm *Drain rF+} (You found it on level 8 of a ziggurat)
 73410 | Zig:8    | Identified the Catalogue of Necromancy and the Mountains
 73415 | Zig:8    | Identified the amulet "Uvusk" {RegenMP rElec MR++ Str+3 Int-2} (You acquired it on level 8 of a ziggurat)
 73431 | Zig:8    | Learned a level 3 spell: Vampiric Draining
 73440 | Zig:9    | Entered Level 9 of a ziggurat
 73487 | Zig:9    | Got a wavering graven amulet
 73488 | Zig:9    | Identified the amulet of Liberty {Spirit +Inv MP+9} (You found it on level 9 of a ziggurat)
 73506 | Zig:10   | Entered Level 10 of a ziggurat
 73517 | Zig:10   | Reached XP level 27. HP: 188/238 MP: 22/29
 73520 | Zig:10   | Received a gift from Okawaru
 73551 | Zig:10   | Got a pair of polished boots {god gift}
 73568 | Zig:10   | Identified the +0 pair of boots "Funeu" {MR+ Int+8 Dex+4} (Okawaru gifted it to you on level 10 of a ziggurat)
 73760 | Zig:11   | Entered Level 11 of a ziggurat
 73853 | Zig:11   | Got a shimmering granite ring
 73858 | Zig:11   | Identified the ring of Fookycs {Ice rN+ MP+9 Int+2 Dex-5} (You found it on level 11 of a ziggurat)
 73866 | Zig:12   | Entered Level 12 of a ziggurat
 74012 | Zig:12   | Got a smoking brass amulet
 74013 | Zig:12   | Identified the amulet of Xietobuo {RegenMP rPois Dex+7} (You found it on level 12 of a ziggurat)
 74019 | Zig:12   | Got a pair of spiked gloves
 74020 | Zig:12   | Identified the -1 pair of gloves of Negation {rN+ rCorr Int+4} (You found it on level 12 of a ziggurat)
 74128 | Zig:13   | Entered Level 13 of a ziggurat
 74138 | Zig:13   | Noticed Veiz the pandemonium lord
 74157 | Zig:13   | Killed Veiz the pandemonium lord
 74450 | Zig:14   | Entered Level 14 of a ziggurat
 74453 | Zig:14   | Noticed magenta's ghost (veteran MiFi)
 74468 | Zig:14   | Killed magenta's ghost
 74487 | Zig:14   | Received a gift from Okawaru
 74583 | Zig:14   | Identified Koiriej's Tome of Displaced Necromancy
 74621 | Zig:14   | Got a faintly glowing wooden ring
 74623 | Zig:14   | Identified the ring "Agisi" {+Inv MR+ MP+9 Dex-2 Stlth+} (You found it on level 14 of a ziggurat)
 74734 | Zig:1    | Entered Level 1 of a ziggurat
 74764 | Zig:2    | Entered Level 2 of a ziggurat
 74786 | Zig:3    | Entered Level 3 of a ziggurat
 74810 | Zig:4    | Entered Level 4 of a ziggurat
 74824 | Zig:4    | Identified the Catalogue of Dusty Damage Dealing
 74864 | Zig:5    | Entered Level 5 of a ziggurat
 74891 | Zig:5    | Got a translucent battleaxe
 74892 | Zig:5    | Identified the cursed +1 battleaxe of Equivalence {chaos, rC+} (You found it on level 5 of a ziggurat)
 74900 | Zig:6    | Entered Level 6 of a ziggurat
 74938 | Zig:7    | Entered Level 7 of a ziggurat
 74944 | Zig:7    | Noticed a greater mummy
 74953 | Zig:7    | Reached skill level 1 in Necromancy
 74964 | Zig:7    | Killed a greater mummy
 75081 | Zig:8    | Entered Level 8 of a ziggurat
 75096 | Zig:8    | Reached skill level 5 in Necromancy
 75189 | Zig:9    | Entered Level 9 of a ziggurat
 75354 | Zig:10   | Entered Level 10 of a ziggurat
 75430 | Zig:10   | Got a bound lapis lazuli ring
 75432 | Zig:10   | Identified the ring of the Ten Dances {rElec rF+ Str+2 SInv} (You found it on level 10 of a ziggurat)
 75449 | Zig:11   | Entered Level 11 of a ziggurat
 75465 | Zig:11   | Reached skill level 10 in Necromancy
 75523 | Zig:11   | Got a brightly glowing battleaxe
 75525 | Zig:11   | Identified the +8 battleaxe of the Sky {chop, Str+4} (You found it on level 11 of a ziggurat)
 75529 | Zig:11   | Identified the +1 plate armour of the Slightly Bent {Str+4} (You found it on level 11 of a ziggurat)
 75645 | Zig:12   | Entered Level 12 of a ziggurat
 75652 | Zig:12   | Noticed an ancient lich
 75672 | Zig:12   | Received a gift from Okawaru
 75678 | Zig:12   | Killed an ancient lich
 75819 | Zig:12   | Got a wavering garnet amulet
 75820 | Zig:12   | Identified the amulet "Aschuqocw" {Gourm +Blink +Inv rPois Dex+4} (You found it on level 12 of a ziggurat)
 75824 | Zig:12   | Identified the Catalogue of Gliding Confrontation
 75827 | Zig:12   | Identified Sif Muna's Compendium of Stones
 75838 | Zig:12   | Got a steaming marble ring
 75840 | Zig:12   | Identified the ring "Uxay" {Wiz rC- Int+4 Dex+4} (You found it on level 12 of a ziggurat)
 75848 | Zig:13   | Entered Level 13 of a ziggurat
 75855 | Zig:13   | Noticed an orb of fire
 75868 | Zig:13   | Killed an orb of fire
 75876 | Zig:13   | Noticed an orb of fire
 75877 | Zig:13   | Noticed an orb of fire
 75879 | Zig:13   | Noticed an orb of fire
 75886 | Zig:13   | Killed an orb of fire
 75896 | Zig:13   | Noticed an orb of fire
 75896 | Zig:13   | Killed an orb of fire
 75897 | Zig:13   | Killed an orb of fire
 75916 | Zig:13   | Killed an orb of fire
 75916 | Zig:13   | Received a gift from Okawaru
 75949 | Zig:13   | Got a steaming battleaxe {god gift}
 75950 | Zig:13   | Identified the +1 battleaxe of Okawaru's Envy {flame, rN++ Dex-4} (Okawaru gifted it to you on level 13 of a ziggurat)
 76226 | Zig:13   | Got a wavering glass ring
 76228 | Zig:13   | Identified the ring of Tagism {*Drain +Fly MP+9 Dex+5 Stlth+} (You found it on level 13 of a ziggurat)
 76234 | Zig:13   | Identified the Compendium of the Torrid Snowflakes
 76246 | Zig:13   | Identified Sif Muna's Reference Book on Ice and Weightlessness
 76252 | Zig:14   | Entered Level 14 of a ziggurat
 76447 | Zig:14   | Got an ichor-stained helmet
 76458 | Zig:14   | Identified the +1 helmet "Jyaq Wun" {MR+ SInv} (You found it on level 14 of a ziggurat)
 76473 | Zig:14   | Identified Gotov's Volume of Flames and Shape Shifting
 76495 | Zig:14   | Learned a level 5 spell: Dispel Undead
 76501 | Zig:14   | Learned a level 5 spell: Agony
 76504 | Zig:14   | Learned a level 2 spell: Corpse Rot
 76505 | Zig:15   | Entered Level 15 of a ziggurat
 76528 | Zig:15   | Received a gift from Okawaru
 76529 | Zig:15   | Got a pair of ancient boots {god gift}
 76610 | Zig:15   | Identified Eguu's Grimoire of Freezing Summoning
 76617 | Zig:15   | Learned a level 4 spell: Animate Dead
 76641 | Zig:15   | Identified the +1 pair of boots "Tyecs" {*Contam rF+ rCorr} (Okawaru gifted it to you on level 15 of a ziggurat)
 76641 | Zig:15   | Upgraded the game from 0.20-a0-266-gdedccd6 to 0.20-a0-267-g4a7ec2a
 76650 | Zig:16   | Entered Level 16 of a ziggurat
 76722 | Zig:16   | Got a twitching turquoise ring
 76724 | Zig:16   | Identified the ring "Ytenoth" {rN+ Dex+6 Slay-4} (You found it on level 16 of a ziggurat)
 76729 | Zig:16   | Got a steaming helmet
 76740 | Zig:16   | Identified the +0 helmet "Pummobb" {Dex+3} (You found it on level 16 of a ziggurat)
 76833 | Zig:17   | Entered Level 17 of a ziggurat
 77004 | Zig:17   | Got a translucent marble ring
 77005 | Zig:17   | Identified the cursed ring of Saig {rElec rC++ Str-3 Int-4 Slay+5} (You found it on level 17 of a ziggurat)
 77015 | Zig:18   | Entered Level 18 of a ziggurat
 77033 | Zig:18   | Noticed Sogilak the pandemonium lord
 77035 | Zig:18   | Noticed Hioness the pandemonium lord
 77036 | Zig:18   | Noticed Nyckasea the pandemonium lord
 77040 | Zig:18   | Noticed Zefotaurr the pandemonium lord
 77044 | Zig:18   | Noticed Veusumaomu the pandemonium lord
 77052 | Zig:18   | Killed Sogilak the pandemonium lord
 77067 | Zig:18   | Received a gift from Okawaru
 77070 | Zig:18   | Killed Nyckasea the pandemonium lord
 77076 | Zig:18   | Killed Hioness the pandemonium lord
 77085 | Zig:18   | Killed Veusumaomu the pandemonium lord
 77104 | Zig:18   | Killed Zefotaurr the pandemonium lord
 77153 | Zig:18   | Identified the +1 ring mail of Wiso {rElec} (Okawaru gifted it to you on level 18 of a ziggurat)
 77335 | Zig:19   | Entered Level 19 of a ziggurat
 77378 | Zig:19   | Received a gift from Okawaru
 77443 | Zig:19   | Got a transparent war axe
 77444 | Zig:19   | Identified the +12 war axe "Alobbamn" {antimagic, rPois} (You found it on level 19 of a ziggurat)
 77543 | Zig:20   | Entered Level 20 of a ziggurat
 77559 | Zig:20   | Noticed a greater mummy
 77563 | Zig:20   | Noticed a greater mummy
 77563 | Zig:20   | Noticed a greater mummy
 77565 | Zig:20   | Noticed a greater mummy
 77566 | Zig:20   | Noticed a greater mummy
 77566 | Zig:20   | Noticed a greater mummy
 77582 | Zig:20   | Killed a greater mummy
 77584 | Zig:20   | Noticed a greater mummy
 77585 | Zig:20   | HP: 12/242 [ushabti/dispel undead (31)]
 77586 | Zig:20   | Killed from afar by a mummy priest

Vault maps used:
D:1:      onia_arrival_larder, minmay_gold_behind_fungi, minmay_pentomino_x2
D:2:      lemuel_doored_altar, first_bread, serial_bayou_lake_a, uniq_sigmund
D:3:      uniq_robin
D:4:      uniq_grinder, uniq_pikel
D:5:      kennysheep_slug_shrine, nicolae_overflow_quartered_altars
D:6:      corexii_shantytown, nemelex_spade_bored_becter
D:8:      enter_ossuary_3
D:9:      tgw_trog
D:10:     erik_orc_3, hangedman_pestilent_swarm, david_defended_altar_orc
D:11:     grunt_lair_entry_orc_guard_hut
D:12:     nicolae_gozag_cash_rules_everything_around_me
D:13:     david_vaults_1
D:14:     minmay_bloctagon_deflated, tso_metal_star
D:15:     grunt_enter_depths_magical_seal, serial_ice, serial_ice_f,
          serial_ice_e, serial_ice_a, serial_ice_m,
          portal_ice_cave_entry_pillars_1, minmay_stone_trees_small,
          basic_altar, minivault_11, minmay_misc_feat_diagonals,
          lemuel_mausoleum_altar_kikubaaqudgha
Temple:   zaba_magenta_temple
Lair:1:   grunt_forest_large_clearing_hut, lemuel_fruit_fields,
          grunt_megastairs_2
Lair:3:   beast_lair_carwin_large_2, basic_altar, lemuel_centaur_altar
Lair:4:   minmay_shoals_entry_hut, nicolae_spider_entry_tight_spaces, uniq_kirke
Lair:5:   dpeg_slime_entry_enclosed_altar, uniq_josephine
Lair:6:   evilmike_catoblepas_cave, serial_bayou_pond_d, grunt_megastairs_5
Shoals:2: nicolae_shoals_so_close
Shoals:4: shoals_end_grunt_ice, shoals_ilsuiw_alternative, uniq_roxanne
Spider:2: uniq_arachne
Spider:3: guppyfry_spider_mini_3, uniq_nikola
Spider:4: guppyfry_spider_rune, hangedman_stitches_earthworm
Orc:1:    basic_altar, mines1_david, uniq_harold
Orc:2:    grunt_orc_gardens, grunt_orc_garden, grunt_orc_garden,
          grunt_orc_garden, grunt_orc_garden
Elf:1:    serial_shops, nicolae_shop_temple_entry_statues_fountains,
          minivault_28
Elf:2:    serial_shops, nicolae_shop_waterfront, minmay_shoptagon
Elf:3:    elf_hall, glass_columns_a, nicolae_elf_stone_circles
Vaults:1: ontoclasm_vaults_chip, vaults_dpeg_encased_lava,
          nicolae_vaults_angled_halls, v_pattern_1, hangedman_vaults_restitches,
          v_misc_1, v_misc_17
Vaults:2: vaults_room_stairs_pillars, nicolae_vaults_three_branches,
          nicolae_vaults_fighting_squares, vaults_room_boxed,
          hangedman_vaults_unwind, nicolae_vaults_twisting_passages, v_misc_9,
          vaults_room_semicircle, ontoclasm_vaults_eye, v_misc_22,
          vaults_dpeg_hooks, nicolae_vaults_angled_halls
Vaults:3: ontoclasm_vaults_hangar, nicolae_vaults_circle_grid_b,
          hangedman_vaults_stream, hangedman_vaults_restitches, v_rooms_2,
          nicolae_vaults_bisected_slash, vaults_room_octagon,
          ontoclasm_vaults_chip, v_misc_24, nicolae_vaults_murderbox, v_misc_2,
          v_misc_8, ontoclasm_vaults_chip, v_misc_24,
          minmay_crypt_entry_simple_corners, uniq_saint_roka
Vaults:4: vaults_room_hallway, nicolae_vaults_asterisk, ontoclasm_vaults_bender,
          v_misc_2, v_misc_28, nicolae_vaults_rhombus_6,
          nicolae_vaults_network_square, vaults_room_fours,
          grunt_vaults_hallway_short, vaults_mumra_hexcomb,
          vaults_mumra_chevron, v_pattern_4, vaults_room_stairs_pillars,
          nicolae_vaults_asterisk
Crypt:1:  weyrava_vampire_temple, uniq_jorgrun
Crypt:2:  roderic_lattice_octagonal_star
Crypt:3:  david_glass_crypt, tomb_entry_shell_bobbens
Tomb:2:   uniq_mennas
Depths:1: lightli_too_deep, serial_sigils, serial_sigils_hangedman_clutch,
          serial_sigils_hangedman_confine, serial_sigils_hangedman_gnaw,
          serial_sigils_hangedman_scar, serial_sigils_hangedman_shear,
          pan_entry, hangedman_abyss_or_decor_passed, uniq_enchantress
Depths:2: grunt_runaround, hell_entry
Depths:3: minmay_outward_triangles, enter_ziggurat_d, hell_entry,
          kennysheep_cluttered_room, rand_demon_pan_entry_8,
          serial_bayou_shore_b, infiniplex_staircase_split_hallway, uniq_aizul,
          uniq_sojobo, uniq_boris
Depths:4: minmay_mutant_horseshoe, hell_entry, minmay_misc_feat_enclosed,
          minmay_room_of_horrors, hangedman_feature_mirror,
          infiniplex_staircase_zigzag_1
Depths:5: evilmike_zot_entry_round, rand_demon_pan_entry_5,
          minmay_crystal_water, hell_entry, hangedman_corner_corridor
Zig:7:    ziggurat_pillar_centre_dead_trees
Zig:11:   ziggurat_pillar_centre_smoke
Zig:12:   ziggurat_pillar_centre_c
Zig:13:   ziggurat_pillar_centre_oklobs, ziggurat_pillar_centre_drop
Ossuary:  ossuary_minmay_tomb_2a
IceCv:    ice_cave_statue_garden_teleport

Skill      XL: |  1  2  3  4  5  6  7  8  9 10 11 12 13 14 15 16 17 18 19 20 21 22 23 24 25 26 27 |
---------------+----------------------------------------------------------------------------------+-----
Axes           | 2 3 4 5 6 8 10 11 13 14 16 17 18 19 20 21 22 25 | 25.8
Fighting       | 4 5 6 8 10 11 12 13 14 15 16 17 18 19 20 21 22 24 25 | 25.3
Invocations    | 2 4 6 8 |  8.2
Armour         | 3 5 7 8 9 10 11 12 13 14 16 17 18 19 20 | 20.0
Dodging        | 2 5 7 9 10 11 13 14 15 17 18 19 | 19.7
Necromancy     | 12 | 12.7
Shields        | |  2.4

Action                   |  1- 3 |  4- 6 |  7- 9 | 10-12 | 13-15 | 16-18 | 19-21 | 22-24 | 25-27 || total
-------------------------+-------+-------+-------+-------+-------+-------+-------+-------+-------++-------
Melee: War axe           |   204 |   186 |   641 |   811 |   993 |       |       |       |       ||  2835
       Broad axe         |       |       |       |   149 |   587 |   426 |       |       |       ||  1162
       Flail             |       |       |       |    11 |    11 |       |       |       |       ||    22
       Executioner's axe |       |       |       |       |       |   395 |       |   339 |  1098 ||  1832
       Battleaxe         |       |       |       |       |       |   788 |  1561 |  1200 |   815 ||  4364
Throw: Tomahawk          |       |       |     3 |       |       |    13 |       |       |       ||    16
Invok: Heroism           |       |       |     1 |    21 |    38 |    15 |    19 |    28 |    38 ||   160
       Finesse           |       |       |       |     2 |     2 |     3 |     5 |     4 |    15 ||    31
Evoke: Wand              |       |     7 |     5 |     1 |     3 |     6 |     1 |     2 |    25 ||    50
       Figurine of a zig |       |       |       |       |       |       |       |       |     1 ||     1
  Use: Scroll            |     3 |     3 |    11 |     5 |     8 |    19 |    18 |    10 |    49 ||   126
 Stab: Paralysed         |       |       |       |       |       |     4 |       |       |       ||     4
       Confused          |       |       |       |       |       |       |       |     3 |     2 ||     5
       Distracted        |       |       |       |       |       |       |       |     3 |     1 ||     4
Armor: Scale mail        |    10 |       |       |       |       |       |       |       |       ||    10
       Chain mail        |    76 |    94 |    23 |       |       |       |       |       |       ||   193
       Pearl dragon scal |       |       |   260 |   461 |   362 |       |       |       |       ||  1083
       Plate armour      |       |       |       |       |   307 |  1426 |   782 |  1076 |  1134 ||  4725
Dodge: Dodged            |    41 |    30 |    77 |   153 |   220 |   665 |   688 |  1084 |  2023 ||  4981
Block: Shield            |    76 |    36 |       |       |       |       |       |       |       ||   112
       Large shield      |       |    94 |   546 |   827 |  1256 |   413 |       |       |       ||  3136
